 Dungeon Crawl Stone Soup version 0.29.1-1-gd02db6906a (webtiles) character file.

Game seed: 4281667845507712255

7 Tsarbomb the Grave Robber (level 1, -1/10 HPs)
             Began as a Deep Elf Necromancer on Sept 15, 2022.
             Slain by a ball python (3 damage)
             ... on level 1 of the Dungeon.
             The game lasted 00:01:29 (270 turns).

Tsarbomb the Grave Robber (Deep Elf Necromancer)     Turns: 270, Time: 00:01:30

Health: -1/10      AC:  3    Str:  5    XL:     1   Next: 91%
Magic:  2/6        EV: 12    Int: 19    God:
Gold:   21         SH:  0    Dex: 15    Spells: 5/6 levels left

rFire   . . .      SeeInvis .   (no weapon)
rCold   . . .      Faith    .   (no shield)
rNeg    . . .      Spirit   .   a - +0 robe
rPois   .          Reflect  .   (no helmet)
rElec   .          Harm     .   (no cloak)
rCorr   .          Rampage  .   e - +0 pair of gloves
Will    .....                   (no boots)
Stlth   ++........              (no amulet)
HPRegen 0.03/turn               (no ring)
MPRegen 0.10/turn               (no ring)

@: no status effects
A: no striking features
a: no special abilities


You were on level 1 of the Dungeon.
You visited 1 branch of the dungeon, and saw 1 of its levels.

You collected 21 gold pieces.

Inventory:

Armour
 a - a +0 robe (worn)
 e - a +0 pair of gloves (worn)
Scrolls
 c - a scroll of teleportation {unknown}
 f - a scroll of noise {unknown}
Potions
 b - a potion of magic
 d - a potion of attraction {unknown}


   Skills:
 - Level 2.4 Dodging
 - Level 2.4 Stealth
 - Level 3.0 Spellcasting
 + Level 5.3 Necromancy


You had 5 spell levels left.
You knew the following spells:

 Your Spells              Type           Power      Damage    Failure   Level
a - Necrotise             Necr           92%        1d8       1%          1

Your spell library contained the following spells:

 Spells                   Type           Power      Damage    Failure   Level
 Vampiric Draining        Necr           23%        2d7       4%          3
 Animate Dead             Necr           23%        N/A       17%         4
 Agony                    Necr           23%        N/A       43%         5


Dungeon Overview and Level Annotations

Branches:
Dungeon (1/15)

Altars:


Message History

There is an open door here.
Casting: Necrotise (safe; 1% risk of failure)
Confirm with . or Enter, or press ? or * to list all spells.
Aiming: Necrotise (safe; 1% risk of failure)
Press: ? - help, Shift-Dir - straight line, f/p - quokka
Aim: a quokka (moderately wounded, ally target, chance to affect: 91%)
The quokka writhes in agony.
Your ball python skeleton crumbles into dust!
The ball python bites you. The ball python grabs you.
The ball python constricts you.
The quokka bites you but does no damage.
The ball python closely misses you. The ball python constricts you.
Casting: Necrotise (safe; 1% risk of failure)
Confirm with . or Enter, or press ? or * to list all spells.
Aiming: Necrotise (safe; 1% risk of failure)
Press: ? - help, Shift-Dir - straight line, f/p - quokka
Aim: a quokka (almost dead, chance to affect: 91%)
The quokka writhes in agony.
You kill the quokka!
The dead are hopping!
The ball python bites you.
* * * LOW HITPOINT WARNING * * *
The ball python constricts you.
You escape the ball python's grasp.
Your quokka skeleton closely misses the ball python.
What are your orders? t - Shout!
Orders for allies: a - Attack new target. r - Retreat! s - Stop attacking. g - Guard the area. f - Follow me.
Anything else - Cancel.
Gang up on whom?
Press: ? - help, Dir - move target, f - ball python
Aim: a ball python (ally target) Attack!
The ball python bites you.
* * * LOW HITPOINT WARNING * * *
The ball python closely misses you.
Your quokka skeleton bites the ball python.
The ball python attacks as you move away!
The ball python bites you.
You die...

#.########....... #######
#.# #.......
.......#####'#### #..[....
..........#.....# #.......
..........#.....# #.......
#.........#.....# ##'##+#+
..........#.....######.##.#.
.........Z#...............#.
..........S@........>#.####.
#.........#.....####.#.# #.
#.........#.....# #.#.# #.
#.........#.....# #.#.# #.
#.........#.....# #.#.# #.
#.........#.....# #.#.####.
#.........#.....# #.#......
.........#.....# #........
........# ##.#######


You could see a ball python (ally target) and a friendly quokka skeleton.

Vanquished Creatures
  A bat (D:1)
  An endoplasm (D:1)
  A hobgoblin (D:1)
  A quokka (D:1)
  2 ball pythons (D:1)
  A rat (D:1)
7 creatures vanquished.

Notes
Turn   | Place    | Note
-------+----------+-------------------------------------------
     0 | D:1      | Tsarbomb the Deep Elf Necromancer began the quest for the
                  | Orb.
     0 | D:1      | Reached XP level 1. HP: 10/10 MP: 6/6
   104 | D:1      | Reached skill level 5 in Necromancy
   270 | D:1      | Slain by a ball python

Illustrated notes

Levels and vault maps discovered:
D:1:      heliophobic_arrival_glass_houses, layout_basic

Skill      XL: |  1 |
---------------+----+-----
Necromancy     | 5 |  5.3
Dodging        | |  2.4
Stealth        | |  2.4
Spellcasting   | |  3.0

Action                   || total
-------------------------++-------
Melee: Unarmed           ||     1
 Cast: Necrotise         ||    13
Armor: Robe              ||     4
Dodge: Dodged            ||    10
